[Event "Team 45 45 League T48"]
[Site "Internet Chess Club"]
[Date "2011.03.12"]
[Round "5"]
[White "Oscar"]
[Black "blizzard13"]
[Result "1-0"]
[WhiteElo "1503"]
[BlackElo "1452"]
[Opening "Queen's pawn game"]
[ECO "D05"]
[Time "09:01:49"]
[TimeControl "2700+45"]

1. d4 d5 2. Nf3 Nf6 3. e3 e6 4. Bd3 Nc6 5. Nbd2 Nb4 6. Be2 Bd6 7. O-O Ng4 8. h3
h5 9. e4 dxe4 10. Nxe4 Nf6 11. Nxd6+ Qxd6 12. c3 Nbd5 13. Ne5 a6 14. Qd3 b5 15.
Re1 Bb7 16. Bd2 Nd7 17. Bf3 Nxe5 18. Rxe5 g6 19. Bg5 Kd7 20. b3 f6 21. Bxf6 Raf8
22. Bxh8 Rxh8 23. Qxg6 Re8 24. Rae1 Nf4 25. Qf7+ Qe7 26. Qxf4 Rf8 27. Qe3 Bxf3
28. gxf3 Rg8+ 29. Kf1 Qh4 30. Rxe6 Qxh3+ 31. Ke2 Qxe6 32. Qxe6+ Kxe6 33. Rh1 Rg5
34. Ke3 Kf6 35. Rh2 Kg6 36. Ke4 c6 37. f4 Rd5 38. c4 bxc4 39. bxc4 Ra5 40. f3
Rf5 41. d5 cxd5+ 42. cxd5 Rf8 43. d6 a5 44. d7 Rd8 45. Rd2 h4 46. Ke5 h3 47. Ke6
Kh5 48. Ke7 Rb8 49. d8=Q Rxd8 50. Kxd8 Kh4 51. f5 Kg5 52. f6 Kxf6 53. Rh2 {Black
resigns} 1-0

[Event "Team 45 45 League T48"]
[Site "Internet Chess Club"]
[Date "2011.03.11"]
[Round "5"]
[White "farbror"]
[Black "one-over"]
[Result "1-0"]
[WhiteElo "1339"]
[BlackElo "1325"]
[Opening "Queen's pawn: London system"]
[ECO "A45"]
[Time "14:30:44"]
[TimeControl "2700+45"]

1. d4 Nf6 2. Bf4 d6 3. Nf3 Nbd7 4. e3 Nh5 5. Bg3 Nxg3 6. hxg3 Nf6 7. Bd3 Ng4 8.
Nbd2 f5 9. e4 e6 10. exf5 exf5 11. Qe2+ Qe7 12. Qxe7+ Bxe7 13. Nh2 Nxh2 14. Rxh2
g6 15. O-O-O Bd7 16. Rdh1 Kd8 17. Rxh7 Rxh7 18. Rxh7 Rc8 19. Rh8+ Be8 20. Bc4
Kd7 21. d5 c6 22. dxc6+ bxc6 23. Rh1 d5 24. Bb3 Bc5 25. f4 Bf2 26. Nf3 Bxg3 27.
Rh7+ Kd6 28. Rxa7 Bxf4+ 29. Kb1 Be3 30. Rh7 Rc7 31. Rxc7 Kxc7 32. a4 Kb6 33. c3
g5 34. Nd4 Bxd4 35. cxd4 f4 36. Kc1 Bg6 37. Kd2 Be4 38. g4 fxg3 39. Ke2 g4 40.
Kf1 g2+ 41. Kg1 g3 42. Bd1 Ka5 43. b3 Kb4 44. Bg4 c5 45. dxc5 Kxc5 46. Bh3 Kb4
47. Bxg2 Bxg2 48. Kxg2 d4 49. Kxg3 d3 50. Kf2 d2 51. Ke2 Ka5 52. Kxd2 Kb4 53.
Kd3 Ka5 54. Kc4 {Black resigns} 1-0

[Event "Team 45 45 League T48"]
[Site "Internet Chess Club"]
[Date "2011.03.11"]
[Round "5"]
[White "dondel"]
[Black "rgadoury"]
[Result "1/2-1/2"]
[WhiteElo "1261"]
[BlackElo "1229"]
[Opening "Sicilian"]
[ECO "B50"]
[Time "18:56:59"]
[TimeControl "2700+45"]

1. e4 c5 2. Nf3 d6 3. Bc4 Nf6 4. d3 e6 5. Nc3 a6 6. h3 Be7 7. Be3 Bd7 8. Qe2 Nc6
9. a3 Na5 10. Ba2 b5 11. e5 dxe5 12. Nxe5 Bc8 13. O-O O-O 14. Rad1 Qc7 15. Ng4
Nxg4 16. Qxg4 Bf6 17. Ne4 Bxb2 18. Bf4 e5 19. Qe2 exf4 20. c3 Bxa3 21. d4 c4 22.
Bb1 f6 23. f3 Bb7 24. Nf2 Rae8 25. Qa2 Bd6 26. Ne4 Bxe4 27. Bxe4 Kh8 28. Bb1 Qb6
29. Qc2 g6 30. h4 Re5 31. Kf2 Rh5 32. Rh1 Re8 33. Rde1 Rxe1 34. Kxe1 Qd8 35. Qf2
Nc6 36. Be4 Ne7 37. Qd2 Nf5 38. Bxf5 Rxf5 39. Qc2 h5 40. Qe4 Qa5 41. Qe8+ Kh7
42. Qd7+ Kg8 43. Qxd6 Qxc3+ 44. Kf2 Qe3+ 45. Kf1 Qc1+ 46. Kf2 Qxh1 47. Qe6+ Kf8
48. Qd6+ Ke8 49. Qe6+ Kf8 50. Qd6+ Kg7 51. Qe7+ Kh6 52. Qf8+ Kh7 53. Qf7+ Kh8
54. Qf8+ Kh7 {Game drawn by mutual agreement} 1/2-1/2

[Event "Team 45 45 League T48"]
[Site "Internet Chess Club"]
[Date "2011.03.12"]
[Round "5"]
[White "g8wrb"]
[Black "Berke"]
[Result "1-0"]
[WhiteElo "1471"]
[BlackElo "1486"]
[Opening "Caro-Kann defense"]
[ECO "B15"]
[Time "10:01:52"]
[TimeControl "2700+45"]

1. e4 c6 2. d4 d5 3. Nc3 Nf6 4. e5 Ne4 5. Nf3 Bf5 6. Nh4 Nxc3 7. bxc3 Bg6 8. Bd3
e6 9. Qg4 Bxd3 10. cxd3 Nd7 11. O-O c5 12. Nf3 h6 13. dxc5 Nxc5 14. d4 Ne4 15.
c4 h5 16. Qf4 g6 17. cxd5 Qxd5 18. Re1 Nc3 19. Bd2 Na4 20. Rec1 Nb6 21. Rc7 Rh7
22. Ng5 Rg7 23. Rxf7 Rxf7 24. Qxf7+ Kd8 {Black resigns} 1-0

[Event "Team 45 45 League T48"]
[Site "Internet Chess Club"]
[Date "2011.03.14"]
[Round "5"]
[White "krysto"]
[Black "SCUGrad"]
[Result "1-0"]
[WhiteElo "1503"]
[BlackElo "1379"]
[Opening "Giuoco Piano: Bird's attack"]
[ECO "C54"]
[Time "20:35:38"]
[TimeControl "2700+45"]

1. e4 e5 2. Nf3 Nc6 3. Bc4 Bc5 4. c3 Nf6 5. b4 Bb6 6. d3 d5 7. exd5 Nxd5 8. a4
a6 9. O-O Bg4 10. Re1 Qd6 11. a5 Ba7 12. Bb2 O-O 13. Nbd2 Nf4 14. Nf1 Nh3+ 15.
gxh3 Bxh3 16. Ng3 Bg4 17. Kg2 Kh8 18. h3 Bd7 {Black resigns} 1-0

[Event "Team 45 45 League T48"]
[Site "Internet Chess Club"]
[Date "2011.03.14"]
[Round "5"]
[White "AlPearson"]
[Black "tamky70"]
[Result "1/2-1/2"]
[WhiteElo "1378"]
[BlackElo "1387"]
[Opening "English: Anglo-Dutch defense"]
[ECO "A10"]
[Time "10:02:55"]
[TimeControl "2700+45"]

1. c4 f5 2. g3 Nf6 3. Bg2 g6 4. Nc3 Bg7 5. e4 d6 6. Nge2 O-O 7. O-O fxe4 8. Nxe4
Nxe4 9. Bxe4 c5 10. f4 Nc6 11. Rb1 Bh3 12. Bg2 Bxg2 13. Kxg2 Nb4 14. Qb3 Qd7 15.
a3 Qc6+ 16. Qf3 Qxf3+ 17. Rxf3 Na2 18. Nc3 Nxc1 19. Rxc1 Bd4 20. Re1 e5 21. fxe5
Rxf3 22. Kxf3 Bxe5 23. b3 Rf8+ 24. Kg2 Kg7 25. Rf1 Rxf1 26. Kxf1 Bxc3 27. dxc3
Kf6 28. Kf2 Ke5 29. Ke3 g5 30. g4 h6 31. b4 a5 32. bxa5 d5 33. cxd5 Kxd5 34. Kd3
c4+ 35. Ke3 Ke5 36. Kf3 Kd5 37. Ke3 Ke5 38. Kf3 Kd5 39. Ke3 Ke5 40. Kf3 Kd5 41.
Ke3 {Game drawn by repetition} 1/2-1/2

[Event "Team 45 45 League T48"]
[Site "Internet Chess Club"]
[Date "2011.03.12"]
[Round "5"]
[White "Traho"]
[Black "AtomicDog"]
[Result "0-1"]
[WhiteElo "1132"]
[BlackElo "1361"]
[Opening "Sicilian: Smith-Morra gambit"]
[ECO "B21"]
[Time "10:02:10"]
[TimeControl "2700+45"]

1. e4 c5 2. d4 cxd4 3. c3 dxc3 4. Nxc3 Nc6 5. Nf3 e6 6. Bb5 Be7 7. O-O Qc7 8. a3
Nf6 9. Bf4 Qxf4 10. Re1 Qc7 11. Rc1 O-O 12. h3 Qb8 13. e5 Nh5 14. g3 f6 15. Qe2
fxe5 16. Nxe5 Nxe5 17. Qxe5 Qxe5 18. Rxe5 Nf6 19. Bc4 Kh8 20. Rce1 Bd6 21. R5e3
Bc5 22. R3e2 d5 23. Bb3 Bd7 24. Bc2 Nh5 25. b4 Bb6 26. a4 Nxg3 {White resigns}
0-1

[Event "Team 45 45 League T48"]
[Site "Internet Chess Club"]
[Date "2011.03.12"]
[Round "5"]
[White "ars-felidae"]
[Black "dinosaurs01"]
[Result "0-1"]
[WhiteElo "1447"]
[BlackElo "1471"]
[Opening "Sicilian: Taimanov variation"]
[ECO "B46"]
[Time "12:30:24"]
[TimeControl "2700+45"]

1. e4 c5 2. Nf3 e6 3. Nc3 a6 4. d4 cxd4 5. Nxd4 Nc6 6. Be2 Nf6 7. Bg5 Be7 8. O-O
O-O 9. f4 h6 10. Bxf6 Bxf6 11. e5 Be7 12. Ne4 Qb6 13. c3 Qxb2 14. f5 Nxe5 15. f6
Bxf6 16. Nxf6+ gxf6 17. Rxf6 Qxc3 18. Bh5 Qe3+ 19. Kh1 Qg5 20. Rf2 b5 21. Bf3
Rb8 22. Be4 f5 23. Nf3 Ng4 24. Rd2 Qh5 25. Bc2 Bb7 26. g3 Ne3 27. Qe2 Bxf3+
{White resigns} 0-1

[Event "Team 45 45 League T48"]
[Site "Internet Chess Club"]
[Date "2011.03.15"]
[Round "5"]
[White "zigzag2002"]
[Black "smsxman"]
[Result "1-0"]
[WhiteElo "1744"]
[BlackElo "1469"]
[Opening "Vienna game, Max Lange defense"]
[ECO "C25"]
[Time "07:30:14"]
[TimeControl "2700+45"]

1. e4 e5 2. Nc3 Nc6 3. Bc4 Be7 4. d3 Nf6 5. f4 a6 6. Nf3 d6 7. O-O b5 8. Bd5 Bb7
9. fxe5 Nxd5 10. Nxd5 Nxe5 11. Nxe5 Bxd5 12. exd5 dxe5 13. Qf3 f6 14. Bd2 O-O
15. Rae1 Qd6 16. b3 Rad8 17. c4 bxc4 18. dxc4 a5 19. Kh1 Qb6 20. Re4 c6 21. Be3
Qc7 22. Qf5 cxd5 23. Rh4 g6 24. Qe6+ Kg7 25. Bh6+ Kh8 26. Bxf8 Rxf8 27. Qxd5 f5
28. Rh3 Rd8 29. Qf7 Bd6 30. Rxh7# {Black checkmated} 1-0

[Event "Team 45 45 League T48"]
[Site "Internet Chess Club"]
[Date "2011.03.15"]
[Round "5"]
[White "DrOMM"]
[Black "tyler66"]
[Result "0-1"]
[WhiteElo "1358"]
[BlackElo "1503"]
[Opening "Queen's pawn: stonewall attack"]
[ECO "D00"]
[Time "16:00:15"]
[TimeControl "2700+45"]

1. d4 d5 2. e3 Nf6 3. Bd3 b6 4. Nd2 Bb7 5. f4 e6 6. Nh3 Bd6 7. c3 O-O 8. Ng5 h6
9. h4 Nbd7 10. Ngf3 c5 11. Ne5 c4 12. Bc2 Be7 13. h5 Nxe5 14. dxe5 Nd7 15. Nf3
Nc5 16. g4 Ne4 17. g5 hxg5 18. Bxe4 dxe4 19. Nd4 gxf4 20. exf4 Bh4+ 21. Kf1 Bg3
22. Qg4 e3 23. Rg1 e2+ 24. Kxe2 Qh4 25. Qxg3 Qxh5+ 26. Kf2 g6 27. Be3 Kg7 28.
Nf3 Rh8 29. Rac1 Rad8 30. Nd4 Qh2+ 31. Qxh2 Rxh2+ 32. Kg3 Rxb2 33. Ra1 Rh8 34.
Nf3 Bxf3 35. Kxf3 Rc2 36. Rgc1 Rh3+ 37. Ke4 Re2 38. Re1 Rhxe3+ 39. Kd4 Rxe1
{White resigns} 0-1

[Event "Team 45 45 League T48"]
[Site "Internet Chess Club"]
[Date "2011.03.14"]
[Round "5"]
[White "joshq03"]
[Black "Molsen"]
[Result "0-1"]
[WhiteElo "1294"]
[BlackElo "1211"]
[Opening "Vienna game"]
[ECO "C25"]
[Time "18:31:26"]
[TimeControl "2700+45"]

1. e4 e5 2. Nc3 Bc5 3. Bc4 Nf6 4. f4 Bxg1 5. Rxg1 exf4 6. e5 Qe7 7. Qe2 Ng8 8.
g3 fxg3 9. hxg3 c6 10. d4 b5 11. Bb3 a5 12. a4 b4 13. Na2 Qd8 14. Bd2 Ne7 15.
O-O-O O-O 16. Rh1 h6 17. Bxh6 Nf5 18. Bf4 Nxg3 19. Bxg3 Qg5+ 20. Kb1 d5 21. Qh2
Qh6 22. Rd2 f6 23. Qg2 Qg5 24. c3 Bf5+ 25. Ka1 Be4 26. Qxe4 Qxd2 27. Qh7+ Kf7
28. Be1 Qg5 29. cxb4 Nd7 30. Nc3 Ke7 31. Bh4 Qg2 32. exf6+ Nxf6 33. Re1+ Kd6 34.
Qf5 Rae8 35. Re5 Qg4 36. Qxg4 Nxg4 37. Rxe8 Rxe8 38. bxa5 Ra8 39. Bg3+ Kd7 40.
Ne2 Rxa5 41. Be1 Ra8 42. Bc2 Ne3 43. Bb3 Rf8 44. Bb4 Rb8 45. Bxd5 Rxb4 46. Bf3
Nc2+ 47. Kb1 Nxd4 48. Nxd4 Rxd4 49. b3 Rb4 50. Kb2 c5 51. Ka3 g5 52. Be2 Kd6 53.
a5 Kc7 54. a6 Kb8 55. Kb2 c4 56. Bxc4 Rxc4 57. bxc4 g4 58. c5 g3 59. c6 g2 60.
Kc3 g1=Q 61. Kc4 Qb6 {White resigns} 0-1

[Event "Team 45 45 League T48"]
[Site "Internet Chess Club"]
[Date "2011.03.13"]
[Round "5"]
[White "Xanther"]
[Black "oldsj"]
[Result "0-1"]
[WhiteElo "1451"]
[BlackElo "1615"]
[Opening "Ruy Lopez: open, 9...Be7, 10.Re1"]
[ECO "C80"]
[Time "16:00:13"]
[TimeControl "2700+45"]

1. e4 e5 2. Nf3 Nc6 3. Bb5 a6 4. Ba4 Nf6 5. O-O Nxe4 6. d4 b5 7. Bb3 d5 8. dxe5
Be6 9. Re1 Be7 10. c3 O-O 11. Bc2 Nc5 12. Nd4 Bd7 13. Qh5 g6 14. Qe2 Ne6 15.
Nxe6 Bxe6 16. Bh6 Re8 17. f4 Bc5+ 18. Kh1 Qd7 19. h3 d4 20. Bd3 dxc3 21. Nxc3
Nd4 22. Qd2 Nf5 23. Ne4 Qc6 24. Nf6+ Kh8 25. Bxf5 Red8 26. Qc3 Bxf5 27. Rac1 Rd3
28. Qxc5 Rxh3+ 29. Kg1 Qxc5+ 30. Rxc5 Rxh6 31. Rxc7 Be6 32. g3 Bxa2 33. Rec1 Be6
34. R1c6 Rd8 35. Rxa6 Rd1+ 36. Kf2 Rh2+ 37. Ke3 Rxb2 38. Ra8+ Kg7 39. Rg8+ Kh6
40. g4 Re1+ 41. Kf3 Rf1+ 42. Ke3 Re1+ 43. Kd4 Bxg4 44. Nxg4+ Kh5 45. Nf6+ Kh4
46. Rc3 b4 47. Rd3 Rbb1 48. Rh8 h5 49. f5 b3 50. fxg6 fxg6 51. Ne4 b2 52. Nf2
Ra1 53. Rh3+ Kg5 54. Rg3+ Kf5 55. Rf8+ Ke6 56. Rxg6+ Ke7 57. Rh8 Red1+ 58. Nd3
Rxd3+ 59. Kxd3 b1=Q+ {White resigns} 0-1

[Event "Team 45 45 League T48"]
[Site "Internet Chess Club"]
[Date "2011.03.13"]
[Round "5"]
[White "Risto"]
[Black "Kristian1974"]
[Result "0-1"]
[WhiteElo "1249"]
[BlackElo "1496"]
[Opening "Sicilian: Hungarian variation"]
[ECO "B34"]
[Time "14:45:19"]
[TimeControl "2700+45"]

1. e4 c5 2. Nf3 g6 3. d4 cxd4 4. Nxd4 Nc6 5. Be3 Nf6 6. Nc3 Bg7 7. Qd2 O-O 8.
O-O-O Ng4 9. Nxc6 bxc6 10. Bd4 Bh6 11. f4 e5 12. Be3 Nxe3 13. Qxe3 Bxf4 {White
resigns} 0-1

[Event "Team 45 45 League T48"]
[Site "Internet Chess Club"]
[Date "2011.03.15"]
[Round "5"]
[White "SeniorCitizen"]
[Black "stan-beers"]
[Result "0-1"]
[WhiteElo "1318"]
[BlackElo "1467"]
[Opening "Philidor: Improved Hanham variation"]
[ECO "B07"]
[Time "13:00:09"]
[TimeControl "2700+45"]

1. e4 d6 2. d4 Nd7 3. Nf3 Ngf6 4. Nc3 e5 5. dxe5 dxe5 6. Bc4 h6 7. O-O c6 8. a3
Qc7 9. Be3 Bc5 10. Bxc5 Nxc5 11. Re1 Be6 12. Bxe6 Nxe6 13. Qe2 O-O 14. Rad1 Rad8
15. Rxd8 Rxd8 16. Rd1 Rxd1+ 17. Qxd1 a6 18. g3 b5 19. Qe2 Qd6 20. Nd2 Nd4 21.
Qd1 a5 22. Kg2 Qb8 23. Ne2 c5 24. c3 Ne6 25. f3 Qb7 26. h4 c4 27. Qb1 Nc5 28. b3
Qa7 29. bxc4 bxc4 30. Nxc4 Nfd7 31. Nd6 Qa6 32. Qa2 Qxd6 {White resigns} 0-1

[Event "Team 45 45 League T48"]
[Site "Internet Chess Club"]
[Date "2011.03.14"]
[Round "5"]
[White "Fogbound"]
[Black "chips"]
[Result "1/2-1/2"]
[WhiteElo "1278"]
[BlackElo "1228"]
[Opening "Trompowsky attack (Ruth, Opocenský opening)"]
[ECO "A45"]
[Time "15:30:17"]
[TimeControl "2700+45"]

1. d4 Nf6 2. Bg5 Ne4 3. Bh4 Nd6 4. Nf3 Nf5 5. Bg5 h6 6. Bf4 d5 7. e3 e6 8. Bd3
Nh4 9. O-O Nxf3+ 10. Qxf3 Bd6 11. Bg3 Bxg3 12. fxg3 O-O 13. Nd2 Nd7 14. e4 Nf6
15. e5 Nh7 16. h4 f5 17. exf6 Qxf6 18. Qe3 Qe7 19. Rxf8+ Qxf8 20. Rf1 Nf6 21.
Qf4 c6 22. Nf3 Nd7 23. Qg4 Nf6 24. Qg6 Qe8 25. Ne5 Qxg6 26. Nxg6 Bd7 27. Ne5 Rf8
28. g4 Bc8 29. Ng6 Rf7 30. Ne5 Rf8 31. Ng6 Rf7 {Game drawn by mutual agreement}
1/2-1/2

[Event "Team 45 45 League T48"]
[Site "Internet Chess Club"]
[Date "2011.03.13"]
[Round "5"]
[White "JimGaming"]
[Black "The-Capitalist"]
[Result "0-1"]
[WhiteElo "1226"]
[BlackElo "1474"]
[Opening "Sicilian: Grand Prix attack"]
[ECO "B23"]
[Time "21:00:18"]
[TimeControl "2700+45"]

1. e4 c5 2. Nc3 Nc6 3. f4 e6 4. Nf3 a6 5. g3 d5 6. e5 Nge7 7. d3 Nf5 8. Bg2 b5
9. O-O Bb7 10. Qe2 c4 11. dxc4 bxc4 12. Be3 d4 13. Nxd4 Ncxd4 14. Bxd4 Bxg2 15.
Kxg2 Nxd4 16. Qe4 Bc5 17. Rad1 Rb8 18. Na4 Ba7 19. c3 Qd7 20. Rxd4 Qxa4 21. Rxc4
Qd7 22. b3 Qd2+ 23. Rf2 Qxf2+ 24. Kh3 O-O {White resigns} 0-1

[Event "Team 45 45 League T48"]
[Site "Internet Chess Club"]
[Date "2011.03.14"]
[Round "5"]
[White "kingsrook"]
[Black "farbror"]
[Result "1-0"]
[WhiteElo "1281"]
[BlackElo "1320"]
[Opening "Dutch"]
[ECO "A80"]
[Time "14:30:22"]
[TimeControl "2700+45"]

1. d4 f5 2. Nf3 Nf6 3. e3 e6 4. Bd3 d5 5. O-O Bd6 6. Ne5 Nbd7 7. f4 O-O 8. Nd2
Bxe5 9. fxe5 Ne4 10. Nf3 c5 11. c3 c4 12. Bc2 Nb6 13. b3 Bd7 14. Qe1 a5 15. Ba3
Rf7 16. b4 axb4 17. Bxb4 Ba4 18. Bb1 Nc8 19. a3 Ne7 20. Bxe4 dxe4 21. Ng5 Rf8
22. Nxe6 Qe8 23. Nxf8 Qxf8 24. Bxe7 Qxe7 25. Rxf5 Rf8 26. Rxf8+ Qxf8 27. Qf2 Bc2
28. Qxc2 {Black resigns} 1-0

[Event "Team 45 45 League T48"]
[Site "Internet Chess Club"]
[Date "2011.03.11"]
[Round "5"]
[White "kjs110"]
[Black "sere"]
[Result "0-1"]
[WhiteElo "1088"]
[BlackElo "1248"]
[Opening "King's pawn game"]
[ECO "C20"]
[Time "10:39:57"]
[TimeControl "2700+45"]

1. e4 e5 2. g3 Nf6 3. Bg2 Nc6 4. d3 Bc5 5. Nf3 Ng4 6. O-O Nxf2 7. Rxf2 Bxf2+ 8.
Kxf2 O-O 9. Bg5 f6 10. Be3 d5 11. Nc3 d4 12. Bd2 dxc3 13. Bxc3 Bg4 14. Bd2 Nd4
15. c3 Nxf3 16. Bxf3 f5 17. exf5 Bxf5 18. d4 exd4 19. cxd4 Qxd4+ 20. Be3 Qxb2+
21. Bd2 Bg4 22. Qb3+ Qxb3 23. axb3 Rxf3+ 24. Kg2 Rd8 25. Bf4 Rxb3 26. h3 Bf3+
27. Kf2 Rdd3 28. Bxc7 Rd2+ 29. Ke1 Rh2 30. Kf1 Rbb2 31. Kg1 Rh1# {White
checkmated} 0-1

[Event "Team 45 45 League T48"]
[Site "Internet Chess Club"]
[Date "2011.03.10"]
[Round "5"]
[White "radiohead"]
[Black "baseball613"]
[Result "1/2-1/2"]
[WhiteElo "1414"]
[BlackElo "1385"]
[Opening "QGD Slav: 4.Nc3"]
[ECO "D15"]
[Time "21:04:53"]
[TimeControl "2700+45"]

1. d4 c6 2. c4 d5 3. Nf3 Nf6 4. Nc3 Bg4 5. e3 e6 6. Be2 Bd6 7. c5 Bc7 8. b4 a6
9. h3 Bh5 10. O-O Nbd7 11. Re1 O-O 12. Bd3 Re8 13. e4 Re7 14. e5 Ne8 15. Bg5 f6
16. Bh4 b6 17. Be2 Bg6 18. Nh2 bxc5 19. bxc5 Qb8 20. Bd3 Bxd3 21. Qxd3 Rf7 22.
Rab1 Qc8 23. Nf3 fxe5 24. Nxe5 Nxe5 25. dxe5 Rf5 26. Bg3 a5 27. Na4 Rb8 28. Nb6
Qd8 29. Qd4 Qg5 {Game drawn by mutual agreement} 1/2-1/2

[Event "Team 45 45 League T48"]
[Site "Internet Chess Club"]
[Date "2011.03.11"]
[Round "5"]
[White "DaMelch"]
[Black "Cicero"]
[Result "0-1"]
[WhiteElo "1206"]
[BlackElo "1371"]
[Opening "Sicilian: Smith-Morra gambit"]
[ECO "B21"]
[Time "12:01:06"]
[TimeControl "2700+45"]

1. e4 c5 2. d4 cxd4 3. c3 Nf6 4. Bd3 d6 5. cxd4 e5 6. d5 Bd7 7. Nc3 Be7 8. Nf3
O-O 9. O-O Na6 10. Bxa6 bxa6 11. Qe2 Qc8 12. Bd2 Qb7 13. b3 Bd8 14. Rab1 Rc8 15.
a4 Ba5 16. Rfc1 Bg4 17. h3 Bxf3 18. gxf3 Qd7 19. Qxa6 Bb6 20. Qf1 Nh5 21. Nb5
Ng3 22. Qg2 Ne2+ 23. Kh2 Nxc1 24. Bh6 g6 25. Bxf8 Nd3 26. Bxd6 Rc2 27. Rf1 Bxf2
28. Kh1 Be1 29. Qxc2 Qxh3+ 30. Qh2 Qxf1+ 31. Qg1 Nf2+ 32. Kh2 Qh3# {White
checkmated} 0-1

[Event "Team 45 45 League T48"]
[Site "Internet Chess Club"]
[Date "2011.03.13"]
[Round "5"]
[White "chips"]
[Black "Nosaj"]
[Result "0-1"]
[WhiteElo "1225"]
[BlackElo "1370"]
[Opening "Réti: King's Indian attack (Barcza system)"]
[ECO "A07"]
[Time "08:32:35"]
[TimeControl "2700+45"]

1. Nf3 d5 2. g3 Nc6 3. Bg2 e5 4. d3 Nf6 5. O-O Be7 6. Nbd2 O-O 7. e4 Nh5 8. Nxe5
Nxe5 9. Qxh5 Bd6 10. Qd1 f5 11. exf5 Bxf5 12. Bxd5+ Kh8 13. Bg2 Bg4 14. Qe1 Bf3
15. Qe3 Bxg2 16. Kxg2 Qf6 17. Ne4 Qf5 18. Nxd6 cxd6 19. Qg5 Qf3+ 20. Kg1 Ng4 21.
Bf4 Rae8 22. Bxd6 Rf5 23. Qd2 a5 24. Rae1 Rd8 25. Bc7 Rg8 26. Qe2 Qxe2 27. Rxe2
Rh5 28. f3 Nf6 29. Bxa5 Rxa5 30. a3 Rb5 31. c4 Rb3 32. Rd1 Rc8 33. Kf2 b5 34.
cxb5 Rxb5 35. d4 h6 36. Red2 Rd8 37. a4 Ra5 38. b3 Nd5 39. Rc2 Ra7 40. Rdc1 Nb6
41. Rc7 Ra5 42. Rb7 Nd5 43. Rc5 Ra6 44. Rbb5 Ne7 45. d5 Rad6 46. a5 Nxd5 47. b4
Ne7 48. Rc2 Nc8 49. Rbc5 Na7 50. b5 Nxb5 51. Rxb5 Ra6 52. Ra2 Rda8 53. Ke3 Kg8
54. f4 Kf7 55. Kd3 Ke7 56. Re5+ Kf7 57. Ke4 g6 58. f5 g5 59. h4 gxh4 60. gxh4
Kg7 61. Kf4 Kf6 62. Rb5 h5 63. Rb6+ Rxb6 {White resigns} 0-1

[Event "Team 45 45 League T48"]
[Site "Internet Chess Club"]
[Date "2011.03.13"]
[Round "5"]
[White "iceface"]
[Black "lawth3"]
[Result "1-0"]
[WhiteElo "1373"]
[BlackElo "1178"]
[Opening "Caro-Kann: two knights variation"]
[ECO "B11"]
[Time "19:00:20"]
[TimeControl "2700+45"]

1. e4 c6 2. Nc3 d5 3. Nf3 dxe4 4. Nxe4 Bf5 5. Nc3 Nf6 6. Bc4 e6 7. d3 b5 8. Bb3
Na6 9. a3 Nc5 10. Ba2 a5 11. Be3 Na6 12. O-O Bc5 13. Qe2 Bxe3 14. fxe3 h6 15.
Nd4 Bg4 16. Qe1 Qb6 17. Qg3 Bh5 18. Qxg7 Ng4 19. Qxh8+ {Black resigns} 1-0

[Event "Team 45 45 League T48"]
[Site "Internet Chess Club"]
[Date "2011.03.11"]
[Round "5"]
[White "montgomerydvd"]
[Black "Monsieur"]
[Result "1-0"]
[WhiteElo "1607"]
[BlackElo "1545"]
[Opening "Petrov three knights game"]
[ECO "C42"]
[Time "17:00:29"]
[TimeControl "2700+45"]

1. e4 e5 2. Nf3 Nf6 3. Nc3 Bb4 4. d3 Bxc3+ 5. bxc3 d5 6. Be2 O-O 7. O-O Re8 8.
Bg5 h6 9. Bxf6 gxf6 10. exd5 Qxd5 11. c4 Qc6 12. Nd2 Qe6 13. Bf3 Nc6 14. Re1 Kh8
15. Nb3 Bd7 16. Nc5 Qe7 17. Qd2 Qxc5 18. Qxh6+ Kg8 19. Qxf6 Qe7 20. Qh6 Bf5 21.
Be4 Bxe4 22. Rxe4 f5 23. Rh4 Qg7 24. Qd2 Nd4 25. Rh3 f4 26. c3 Nf5 27. Re1 Qg5
28. d4 Nh4 29. Rg3 Qxg3 30. hxg3 Ng6 31. dxe5 Rad8 32. Qc2 Kg7 33. e6 Rd6 34.
gxf4 Nxf4 35. e7 Rg6 36. g3 Nh3+ 37. Kh2 Rh6 38. Kg2 Ng5 39. Qf5 Nf7 40. Qd7 Nd6
41. Qd8 Kf7 42. Qxc7 Re6 43. Rxe6 Kxe6 44. Qc5 Rxe7 45. Qd5+ {Black resigns} 1-0

[Event "Team 45 45 League T48"]
[Site "Internet Chess Club"]
[Date "2011.03.13"]
[Round "5"]
[White "mongmong"]
[Black "crankn8tr"]
[Result "0-1"]
[WhiteElo "1637"]
[BlackElo "1501"]
[Opening "Colle system"]
[ECO "D05"]
[Time "17:04:22"]
[TimeControl "2700+45"]

1. d4 d5 2. Nf3 Nf6 3. e3 e6 4. Bd3 c5 5. c3 Nc6 6. Nbd2 Be7 7. O-O O-O 8. dxc5
Bxc5 9. e4 dxe4 10. Nxe4 Nxe4 11. Bxe4 Ne7 12. Bf4 Nd5 13. Bxd5 Qxd5 14. Qxd5
exd5 15. h3 Bf5 16. Rfe1 Rfe8 17. Nd2 Re6 18. Rxe6 fxe6 19. Nb3 Be7 20. Re1 Kf7
21. Nd4 g5 22. Bh2 h5 23. f3 Bf6 24. Be5 Re8 25. g4 hxg4 26. hxg4 Bg6 27. Nb5 a6
28. Nd6+ Kg7 29. Nxe8+ Bxe8 30. Kf2 Bxe5 31. Rxe5 Kf6 32. Re1 e5 33. Ke3 Bc6 34.
Re2 b5 35. Rh2 Kg6 36. Rh8 b4 37. Ra8 Bxa8 {White resigns} 0-1

[Event "Team 45 45 League T48"]
[Site "Internet Chess Club"]
[Date "2011.03.11"]
[Round "5"]
[White "heartbreakkid"]
[Black "Ivio"]
[Result "1-0"]
[WhiteElo "1720"]
[BlackElo "1805"]
[Opening "QGD: exchange, positional line"]
[ECO "D35"]
[Time "15:02:35"]
[TimeControl "2700+45"]

1. d4 d5 2. c4 e6 3. Nc3 Nf6 4. cxd5 exd5 5. Bg5 Be7 6. Nf3 h6 7. Bxf6 Bxf6 8.
e3 c6 9. Bd3 Bg4 10. h3 Bh5 11. g4 Bg6 12. Bxg6 fxg6 13. Qd3 g5 14. Qg6+ Kf8 15.
O-O-O Nd7 16. Rhe1 Qe8 17. Qd3 Qf7 18. e4 dxe4 19. Qxe4 Re8 20. Qf5 g6 21. Qa5
Be7 22. Rd3 Bd6 23. Rxe8+ Qxe8 24. Qxa7 Qc8 25. Kb1 Bf4 26. Qa3+ Kf7 27. Ne4 Qc7
28. Qb3+ Ke7 29. h4 b5 30. hxg5 hxg5 31. Rd1 Nf6 32. Nexg5 Nd5 33. Re1+ Kf6 34.
Ne6 Qd6 35. Qd1 Qb4 36. Qc2 Re8 37. Qxc6 Qxe1+ 38. Nxe1 Rxe6 39. Qxd5 Rxe1+ 40.
Kc2 Re2+ 41. Kb3 Rxf2 42. g5+ Ke7 43. Qxb5 Rf3+ 44. Ka4 Rg3 45. Qb7+ Kf8 46. Qa6
Kg7 47. Qf6+ {Black resigns} 1-0

[Event "Team 45 45 League T48"]
[Site "Internet Chess Club"]
[Date "2011.03.12"]
[Round "5"]
[White "Salvatore"]
[Black "rainden"]
[Result "1-0"]
[WhiteElo "1611"]
[BlackElo "1396"]
[Opening "Trompowsky attack (Ruth, Opocenský opening)"]
[ECO "A45"]
[Time "21:12:50"]
[TimeControl "2700+45"]

1. d4 Nf6 2. Bg5 e6 3. Nc3 Bb4 4. f3 h6 5. Bh4 O-O 6. e4 d6 7. Bd3 Nc6 8. Ne2
Re8 9. O-O e5 10. Bb5 Bd7 11. Nd5 Nxd5 12. Bxd8 Rexd8 13. exd5 Ne7 14. Bxd7 Rxd7
15. c4 Nf5 16. Qd3 g6 17. g4 Nh4 18. a3 Ba5 19. b4 Bb6 20. c5 dxc5 21. dxc5 c6
22. cxb6 axb6 23. d6 c5 24. Rfd1 Kg7 25. Kf2 Rad8 26. bxc5 bxc5 27. Qd5 b6 28.
Qxe5+ Kh7 29. Qf6 g5 30. Ng3 Ng6 31. Nh5 {Black resigns} 1-0

[Event "Team 45 45 League T48"]
[Site "Internet Chess Club"]
[Date "2011.03.13"]
[Round "5"]
[White "SirIvanhoe"]
[Black "Berke"]
[Result "1/2-1/2"]
[WhiteElo "1455"]
[BlackElo "1484"]
[Opening "Caro-Kann: classical variation"]
[ECO "B18"]
[Time "12:00:47"]
[TimeControl "2700+45"]

1. e4 c6 2. d4 d5 3. Nc3 dxe4 4. Nxe4 Bf5 5. Ng3 Bg6 6. Nf3 e6 7. Ne5 Nf6 8. Bg5
Nbd7 9. Nxg6 hxg6 10. Bd3 Qa5+ 11. Bd2 Qd5 12. f3 Bd6 13. Ke2 Qxd4 14. Bc3 Qf4
15. Qd2 Nd5 16. Bxg7 Qxd2+ 17. Kxd2 Rh7 18. Bc3 Bf4+ 19. Ke2 Nxc3+ 20. bxc3 Nb6
21. Ne4 Rxh2 22. Rxh2 Bxh2 23. Rh1 Be5 24. Rh7 Ke7 25. Nc5 Rh8 26. Bxg6 Rxh7 27.
Bxh7 Bxc3 28. Nxb7 Bb4 29. Kd3 Nd5 30. Be4 Nf4+ 31. Kc4 Be1 32. Bxc6 Nxg2 33.
Nc5 Ne3+ 34. Kd3 Nf5 35. Be4 Nd6 36. Nb3 Kd7 {Game drawn by mutual agreement}
1/2-1/2